 Dungeon Crawl Stone Soup version 0.29.1-1-gd02db6906a (webtiles) character file.

Game seed: 2157983668007069246

5205 groovy9 the Skirmisher (level 10, -19/67 HPs)
             Began as a Formicid Hunter on Sept 19, 2022.
             Demolished by a two-headed ogre
             ... wielding a +0 giant club
              (22 damage)
             ... on level 10 of the Dungeon.
             The game lasted 00:34:56 (7824 turns).

groovy9 the Skirmisher (Formicid Hunter)            Turns: 7824, Time: 00:34:56

Health: -19/67     AC: 13    Str: 16    XL:     10   Next: 91%
Magic:  10/10      EV: 12    Int:  9    God:
Gold:   606        SH:  7    Dex: 21    Spells: 9/9 levels left

rFire   . . .      SeeInvis +   a - +1 shortbow (freeze)
rCold   + . .      Faith    .   n - +0 buckler
rNeg    . . .      Spirit   .   q - +3 leather armour {Will+}
rPois   .          Reflect  .   (helmet unavailable)
rElec   .          Harm     .   u - +0 cloak
rCorr   .          Rampage  .   (no gloves)
Will    ++...                   f - +1 pair of boots
Stlth   +++++.....              s - amulet of regeneration
HPRegen 1.01/turn               c - ring of protection from cold
MPRegen 0.12/turn               e - +4 ring of protection

@: no status effects
A: permanent stasis, dig shafts and tunnels, antennae 3, four strong arms,
mutation resistance 1
a: Dig, Shaft Self


You were on level 10 of the Dungeon.
You visited 2 branches of the dungeon, and saw 11 of its levels.
You also visited: Sewer.

You collected 887 gold pieces.
You spent 281 gold pieces at shops.

Inventory:

Hand Weapons
 a - a +1 shortbow of freezing (weapon)
 b - a +3 short sword of protection
 t - a +0 dagger of flaming
Missiles
 d - 23 poisoned darts
Armour
 f - a +1 pair of boots (worn)
 n - a +0 buckler (worn)
 q - a +3 leather armour of willpower (worn)
 u - a +0 cloak (worn)
Jewellery
 c - a ring of protection from cold (left hand)
 e - a +4 ring of protection (right hand)
 k - a ring of positive energy
 p - a ring of flight
 s - an amulet of regeneration (around neck)
 w - an amulet of the acrobat
Wands
 r - a wand of paralysis (22)
Scrolls
 i - 2 scrolls of enchant weapon
 j - 3 scrolls of immolation
 v - a scroll of magic mapping
 y - a scroll of brand weapon
Potions
 g - 2 potions of brilliance
 h - 2 potions of attraction
 l - a potion of mutation
 m - a potion of degeneration {unknown}
 o - 2 potions of flight
 x - a potion of heal wounds {unknown}
 z - a potion of lignification {unknown}
 A - a potion of ambrosia {unknown}


   Skills:
 - Level 2.1 Fighting
 * Level 11.7 Ranged Weapons
 - Level 1.7 Dodging
 + Level 10.2 Stealth
 + Level 9.6 Shields


You had 9 spell levels left.
You didn't know any spells.
Your spell library contained the following spells:

 Spells                   Type           Power      Damage    Failure   Level
 Freeze                   Ice            0%         1d3       50%         1
 Necrotise                Necr           0%         1d4       50%         1
 Ensorcelled Hibernation  Hex/Ice        0%         N/A       65%         2
 Sublimation of Blood     Necr           0%         N/A       65%         2
 Dazzling Flash           Conj/Hex       0%         N/A       86%         3
 Inner Flame              Hex/Fire       0%         N/A       86%         3
 Spider Form              Tmut/Pois      0%         N/A       86%         3
 Tukima's Dance           Hex            0%         N/A       86%         3
 Vampiric Draining        Necr           0%         2d6       86%         3
 Cause Fear               Hex            0%         N/A       99%         4
 Iskenderun's Mystic Bla  Conj/Tloc      0%         2d3       99%         4
 Passage of Golubria      Tloc           0%         N/A       99%         4
 Petrify                  Tmut/Erth      0%         N/A       99%         4
 Summon Ice Beast         Ice/Summ       0%         N/A       99%         4
 Agony                    Necr           0%         N/A       100%        5
 Irradiate                Conj/Tmut      0%         3d11      100%        5
 Summon Mana Viper        Hex/Summ       0%         N/A       100%        5
 Yara's Violent Unravell  Hex/Tmut       0%         3d3       100%        5
 Starburst                Conj/Fire      0%         6d3       100%        6
 Monstrous Menagerie      Summ           0%         N/A       100%        7
 Ozocubu's Refrigeration  Ice            0%         4d7       100%        7
 Discord                  Hex            0%         N/A       100%        8


Dungeon Overview and Level Annotations

Branches:
Dungeon (10/15)            Temple (1/1) D:5           Sewer (visited)
   Lair: D:8-11         Orc: D:9-12

Altars:
Ashenzari
Dithmenos
Fedhas
Gozag
Makhleb
Nemelex Xobeh
Okawaru
Qazlal
Sif Muna
Trog
Wu Jian
Xom
Yredelemnul
The Shining One

Shops:
D:2 *   D:3 *   D:4 *   D:7 [

Annotations:
D:8 Erica


Innate Abilities, Weirdness & Mutations

You cannot be hasted, slowed, berserked, paralysed or teleported.
You can dig through walls and to a lower floor.
You have a pair of large antennae on your head. (SInv)
Your four strong arms can wield two-handed weapons with a shield.
You are somewhat resistant to further mutation.


Message History

The arrow freezes the two-headed ogre.
The two-headed ogre is moderately wounded.
Fire: a) +1 shortbow (freeze)
Press: ? - help, Q - select action, (/) - cycle Shift-Dir - straight line, f/p - two-headed ogre
Aim: a two-headed ogre, wielding two +0 giant clubs (moderately wounded, 80% to hit)
You shoot an arrow. The arrow hits the two-headed ogre.
The arrow freezes the two-headed ogre.
The two-headed ogre is heavily wounded.
The two-headed ogre closely misses you.
The two-headed ogre hits you with a +0 giant club.
* * * LOW HITPOINT WARNING * * *
Fire: a) +1 shortbow (freeze)
Press: ? - help, Q - select action, (/) - cycle Shift-Dir - straight line, f/p - two-headed ogre
Aim: a two-headed ogre, wielding two +0 giant clubs (heavily wounded, 80% to hit)
You shoot an arrow.
The arrow barely misses the two-headed ogre.
You hear the steady creaking of a very distant portcullis.
Fire: a) +1 shortbow (freeze)
Press: ? - help, Q - select action, (/) - cycle Shift-Dir - straight line, f/p - two-headed ogre
Aim: a two-headed ogre, wielding two +0 giant clubs (heavily wounded, 80% to hit)
You shoot an arrow.
The arrow hits the two-headed ogre but does no damage.
The two-headed ogre is heavily wounded.
The two-headed ogre closely misses you. x2
Fire: a) +1 shortbow (freeze)
Press: ? - help, Q - select action, (/) - cycle Shift-Dir - straight line, f/p - two-headed ogre
Aim: a two-headed ogre, wielding two +0 giant clubs (heavily wounded, 80% to hit)
You shoot an arrow.
The arrow closely misses the two-headed ogre.
The two-headed ogre hits you with a +0 giant club!
* * * LOW HITPOINT WARNING * * *
The two-headed ogre barely misses you.
Fire: a) +1 shortbow (freeze)
Press: ? - help, Q - select action, (/) - cycle Shift-Dir - straight line, f/p - two-headed ogre
Aim: a two-headed ogre, wielding two +0 giant clubs (heavily wounded, 80% to hit)
You shoot an arrow. The arrow hits the two-headed ogre!
The arrow freezes the two-headed ogre.
The two-headed ogre is severely wounded.
The two-headed ogre hits you with a +0 giant club!!
You die...

......######## #..#...
.O....#......+ #..#...
......'......# #..#...
#......# #..#... #..##..#
#..#... ##'##..########..#...
#..'.....#.....?.#...
#..#O....#...#####...
#########..#@....'...#.......
#......######'########.......
#......#.....................
#......'.....................
########.....................
#........))...........##+###'
#.......###########'###......
#...)..[#......#......>......
#.......#......#.............


You could see a two-headed ogre.

Vanquished Creatures
  The ghost of Icepheonix32 the Covered, a novice MiFi (D:4)
  Joseph (D:7)
  Prince Ribbit (D:5)
  Sigmund (D:6)
  Eustachio (D:4)
  5 humans (D:7)
  The ghost of virigoth the Chopper, an amateur MiBe of Trog (D:4)
  A wyvern (D:7)
  Menkaure (D:6)
  A steam dragon (D:8)
  The ghost of jimonade the Magician, an amateur GnHW (D:4)
  4 water moccasins
  Duvessa (D:4)
  A sky beast (D:6)
  An ice beast (D:6)
  3 black bears
  A centaur (D:7)
  2 phantoms
  Blork the orc (D:4)
  2 bullfrogs
  3 necrophages
  A gnoll sergeant (D:8)
  3 scorpions
  3 wights (D:10)
  Dowan (D:4)
  4 killer bees (D:7)
  2 howler monkeys (D:7)
  2 hounds
  2 jellies
  An orc priest (D:5)
  3 orc wizards
  8 gnolls
  2 river rats (D:4)
  6 adders
  2 shadow imps
  A white imp (D:6)
  An ufetubus (D:5)
  A worm (D:3)
  A dart slug (D:2)
  14 orcs
  5 ball pythons
  9 bats
  6 endoplasms
  3 giant cockroaches
  8 goblins
  6 hobgoblins
  2 jackals (D:3)
  3 quokkas
  2 frilled lizards
  11 kobolds
  6 rats
153 creatures vanquished.

Notes
Turn   | Place    | Note
-------+----------+-------------------------------------------
     0 | D:1      | groovy9 the Formicid Hunter began the quest for the Orb.
     0 | D:1      | Reached XP level 1. HP: 16/16 MP: 1/1
   101 | D:1      | Reached XP level 2. HP: 22/22 MP: 2/2
   350 | D:1      | Found a faded altar of an unknown god.
   405 | D:1      | Reached XP level 3. HP: 22/27 MP: 3/3
  1230 | D:2      | Reached skill level 5 in Ranged Weapons
  1230 | D:2      | Reached XP level 4. HP: 29/33 MP: 4/4
  1633 | D:2      | Found Kaykh's Assorted Antiques.
  1640 | D:2      | Bought a scroll labelled DUESUGO EPRI for 24 gold pieces
  1640 | D:2      | Bought a scroll labelled QIOXTY AQAITRI for 24 gold pieces
  1640 | D:2      | Bought a scroll labelled OXUHUTONNO for 24 gold pieces
  1645 | D:2      | Acquired 438 gold pieces
  2126 | D:3      | Found Siuwnak's Assorted Antiques.
  2135 | D:3      | Bought 2 viscous dark potions for 41 gold pieces
  2135 | D:3      | Bought a scroll labelled BISTEM BUIWKAA for 23 gold pieces
  2179 | D:3      | Gained mutation: You are somewhat resistant to further
                  | mutation. [potion of mutation]
  2654 | D:3      | Reached XP level 5. HP: 38/38 MP: 5/5
  2736 | D:4      | Noticed a black bear
  2844 | D:4      | Found a runed translucent gate.
  2845 | D:4      | Found a runed translucent gate.
  2846 | D:4      | Found a runed translucent gate.
  2900 | D:4      | Noticed Duvessa
  2900 | D:4      | Noticed Dowan
  2949 | D:4      | Reached skill level 1 in Shields
  2979 | D:4      | Noticed Eustachio
  3014 | D:4      | Found a glowing drain.
  3053 | Sewer    | Entered a sewer
  3138 | Sewer    | Noticed a water moccasin
  3156 | Sewer    | Killed a water moccasin
  3157 | Sewer    | Reached skill level 6 in Ranged Weapons
  3157 | Sewer    | Reached XP level 6. HP: 38/44 MP: 6/6
  3212 | Sewer    | Got the Almanac of the Poisonous Snowflakes
  3342 | D:4      | Noticed Blork the orc
  3346 | D:4      | Killed Blork the orc
  3397 | D:4      | Noticed virigoth's ghost (amateur MiBe)
  3397 | D:4      | Noticed Icepheonix32's ghost (novice MiFi)
  3398 | D:4      | Noticed jimonade's ghost (amateur GnHW)
  3433 | D:4      | Killed Eustachio
  3434 | D:4      | Reached skill level 5 in Stealth
  3434 | D:4      | Reached XP level 7. HP: 38/50 MP: 7/7
  3581 | D:4      | Found Tisuj's Assorted Antiques.
  3594 | D:4      | Bought a dented pearl amulet for 145 gold pieces
  3699 | D:4      | Killed Duvessa
  3700 | D:4      | Reached skill level 7 in Ranged Weapons
  3749 | D:4      | Killed Dowan
  3750 | D:4      | Reached XP level 8. HP: 55/56 MP: 8/8
  4072 | D:5      | Entered Level 5 of the Dungeon
  4250 | D:5      | Found a staircase to the Ecumenical Temple.
  4266 | Temple   | Entered the Ecumenical Temple
  4469 | D:5      | Noticed Prince Ribbit
  4572 | D:5      | Reached skill level 5 in Shields
  4870 | D:5      | Killed Prince Ribbit
  4871 | D:5      | Reached skill level 8 in Ranged Weapons
  5286 | D:4      | Killed Icepheonix32's ghost
  5287 | D:4      | Reached XP level 9. HP: 4/61 MP: 9/9
  5296 | D:4      | HP: 3/61 [virigoth's ghost (6)]
  5327 | D:4      | Killed virigoth's ghost
  5328 | D:4      | Reached skill level 9 in Ranged Weapons
  5341 | D:4      | Killed jimonade's ghost
  5544 | D:6      | Found a broken altar of Ashenzari.
  5550 | D:6      | Noticed Sigmund
  5608 | D:6      | Killed Sigmund
  5777 | D:6      | Found an ornate altar of the Wu Jian Council.
  5805 | D:6      | Noticed Menkaure
  5811 | D:6      | Killed Menkaure
  5869 | D:6      | Reached skill level 10 in Ranged Weapons
  6455 | D:7      | Reached XP level 10. HP: 67/67 MP: 10/10
  6567 | D:7      | Reached skill level 11 in Ranged Weapons
  6601 | D:7      | Found Texkaihe's Armour Emporium.
  6823 | D:7      | Noticed Joseph
  6837 | D:7      | Killed Joseph
  6901 | D:7      | Reached skill level 10 in Stealth
  7504 | D:8      | Noticed Erica
  7516 | D:8      | You fall into a shaft and drop 2 floors!
  7516 | D:10     | Entered Level 10 of the Dungeon
  7806 | D:10     | Noticed a two-headed ogre
  7823 | D:10     | HP: 2/67 [two-headed ogre/+0 giant club (17)]
  7824 | D:10     | Demolished by a two-headed ogre

Illustrated notes

Levels and vault maps discovered:
D:1:      minmay_arrival_cross, layout_basic,
          hellmonk_ecumenical_altar_prayer_group
D:2:      layout_loops_ring, serial_shops, nicolae_shop_statue_plus
D:3:      layout_basic, serial_shops, shop_statue, serial_glass,
          glass_columns_a, glass_columns_b, glass_columns_a, glass_columns_a,
          hangedman_decor_points, hex_intersection,
          nicolae_elevator_lobby_asterisk
D:4:      layout_gridville, portal_sewer_entry_c, serial_shops, shop,
          gammafunk_ghost_cemetery, minivault_14, uniq_blork_the_orc,
          uniq_eustachio, uniq_duvessa
D:5:      layout_basic, minmay_temple_entry_mist, uniq_prince_ribbit1
D:6:      layout_basic, kennysheep_mini_moat, ashenzari_conservatory_becter,
          kennysheep_minor_cross, uniq_sigmund, uniq_menkaure
D:7:      layout_basic, serial_shops, nicolae_shop_trees, corner_web_ring,
          minmay_ruffians, uniq_joseph
D:8:      layout_rooms, lair_entry_dummy, uniq_erica
D:9:      layout_gridville, minitemple, serial_shops, shop,
          chequers_serial_rivers_micro_b
D:10:     layout_gridville, enter_bailey_2, uniq_maurice
Temple:   nicolae_temple_bog_church

Skill      XL: |  1  2  3  4  5  6  7  8  9 10 |
---------------+-------------------------------+-----
Stealth        | 2 3 4 5 7 8 10 | 10.2
Ranged Weapons | 5 6 7 8 10 11 | 11.7
Shields        | 2 3 4 6 7 9 |  9.6
Fighting       | |  2.1
Dodging        | |  1.7

Action                   |  1- 3 |  4- 6 |  7- 9 | 10-12 || total
-------------------------+-------+-------+-------+-------++-------
Melee: Dagger            |       |     4 |    12 |       ||    16
       Short sword       |       |       |     5 |       ||     5
 Fire: Shortbow          |    66 |   125 |   222 |   203 ||   616
 Abil: Dig               |     1 |     2 |     3 |       ||     6
       Shaft Self        |       |       |       |     1 ||     1
Evoke: Wand              |       |       |     1 |       ||     1
  Use: Scroll            |     2 |     9 |     6 |     2 ||    19
       Potion            |       |     3 |     3 |       ||     6
Armor: Leather armour    |     3 |    20 |    51 |    30 ||   104
Dodge: Dodged            |    13 |    33 |    43 |    48 ||   137
Block: Buckler           |       |     9 |    34 |    37 ||    80
